 Dungeon Crawl Stone Soup version 0.24-a0-769-g368c1644f8 (webtiles) character file.

Game seed: 4192404630358149542, levelgen mode: deterministic

172 GordonOverkill the Firebug (level 5, -8/38 HPs)
             Began as a Demigod Fire Elementalist on Oct 5, 2019.
             Killed by nerve-wracking pain
             ... invoked by Grinder
              (13 damage)
             ... while paralysed by Grinder
             ... on level 3 of the Dungeon.
             The game lasted 00:09:12 (3750 turns).

GordonOverkill the Firebug (DgFE)                   Turns: 3750, Time: 00:09:12

Health: -8/38      AC:  3    Str: 11    XL:     5   Next: 5%
Magic:  2/11       EV:  2    Int: 21    God:
Gold:   137        SH:  0    Dex: 16    Spells: 5/9 levels left

rFire    . . .     SeeInvis .   p - +1 dagger (drain)
rCold    . . .     Gourm    .   (no shield)
rNeg     . . .     Faith    .   a - +0 robe
rPois    .         Spirit   .   (no helmet)
rElec    .         Reflect  .   (no cloak)
rCorr    .         Harm     .   k - +0 pair of gloves
MR       .....                  (no boots)
Stlth    ++........             (no amulet)
HPRegen  0.12/turn              f - +3 ring of slaying
MPRegen  0.12/turn              (no ring)

@: paralysed, flying
A: high mp 1
a: no special abilities


You were on level 3 of the Dungeon.
You were not hungry.

You visited 1 branch of the dungeon, and saw 3 of its levels.

You collected 137 gold pieces.

Inventory:

Hand Weapons
 e - a +2 whip of flaming
 m - a +0 halberd
 p - a +1 dagger of draining (weapon)
Missiles
 b - 97 stones (quivered)
 d - 85 sling bullets
 o - a throwing net
 q - 3 javelins
Armour
 a - a +0 robe (worn)
 k - a +0 pair of gloves (worn)
 t - a +0 buckler
Jewellery
 f - a +3 ring of slaying (left hand)
Scrolls
 g - 2 scrolls of teleportation
 n - 2 scrolls of identify {unknown}
Potions
 l - 2 potions of flight
Comestibles
 c - 3 rations
 r - 2 chunks of flesh


   Skills:
 - Level 2.0 Dodging
 - Level 2.0 Stealth
 * Level 1.0 Shields
 + Level 2.5 Spellcasting
 * Level 2.6 Conjurations
 * Level 3.9 Fire Magic


You had 5 spell levels left.
You knew the following spells:

 Your Spells              Type           Power        Failure   Level  Hunger
a - Flame Tongue          Conj/Fire      ###..        3%          1    None
b - Conjure Flame         Conj/Fire      ###.....     11%         3    ###....

Your spell library contained the following spells:

 Spells                   Type           Power        Failure   Level  Hunger
 Throw Flame              Conj/Fire      ###...       5%          2    ##.....
 Inner Flame              Hex/Fire       ##......     19%         3    ###....
 Sticky Flame             Conj/Fire      ###.....     36%         4    ####...
 Fireball                 Conj/Fire      ###.......   71%         5    ######.


Dungeon Overview and Level Annotations

Branches:
Dungeon (3/15)

Annotations:
D:3 Grinder


Innate Abilities, Weirdness & Mutations

You have an increased reservoir of magic. (+10% MP)


Message History

Press: ? - help, Shift-Dir - straight line, f/p - orc
Aim: an orc (almost dead)
The flame tongue hits the orc.
You kill the orc!
You feel sick.
You are no longer poisoned.
Grinder shouts!
Grinder gestures at you. Pain shoots through your body!
* * * LOW HITPOINT WARNING * * *
It was a potion of flight.
You feel very buoyant.
You fly up into the air.
Grinder gestures at you.
You suddenly lose the ability to move!
Grinder blinks!
Grinder hits you but does no damage. Grinder gestures at you.
Pain shoots through your body!
You die...

........#####........###'###.#
........###.......#..........#
..........#o#####.#...########
.....##.#.........#####
#..>##..###.####..#
....#.......###...#
........#).......o#
......##.##.####.##
.#....#...#..###@#########
......#...#.....5.##.....##
......#.#.#...............##
.....#..##..............<.#
...........................#
...........................#
...........................#
......#.###................#
........# #................#


You could see Grinder and an orc (wandering).

Vanquished Creatures
  An orc priest (D:3)
  3 gnolls (D:2)
  4 adders
  3 worms (D:2)
  2 dart slugs
  3 orcs (D:3)
  A ball python (D:1)
  3 giant cockroaches
  3 goblins
  11 hobgoblins
  2 jackals (D:2)
  5 quokkas (D:2)
  3 bats (D:1)
  4 frilled lizards
  7 kobolds
  9 rats
64 creatures vanquished.

Vanquished Creatures (others)
  A plant (D:2)
1 creature vanquished.

Grand Total: 65 creatures vanquished

Notes
Turn   | Place    | Note
-------+----------+-------------------------------------------
     0 | D:1      | GordonOverkill the Demigod Fire Elementalist began the
                  | quest for the Orb.
     0 | D:1      | Reached XP level 1. HP: 14/14 MP: 5/5
   100 | D:1      | Reached skill level 1 in Conjurations
   495 | D:1      | Reached XP level 2. HP: 20/20 MP: 4/7
   634 | D:1      | Reached skill level 3 in Fire Magic
  1556 | D:2      | Reached XP level 3. HP: 16/26 MP: 4/8
  2015 | D:2      | Found a bloodstained altar of Trog.
  2474 | D:2      | Reached XP level 4. HP: 28/33 MP: 3/10
  2848 | D:2      | Found a shimmering blue altar of Sif Muna.
  3320 | D:2      | Learned a level 3 spell: Conjure Flame
  3363 | D:3      | Noticed Grinder
  3526 | D:3      | Found a radiant altar of Vehumet.
  3702 | D:3      | Reached skill level 1 in Shields
  3712 | D:3      | Reached XP level 5. HP: 16/38 MP: 1/11
  3746 | D:3      | Paralysed by Grinder for 6 turns
  3750 | D:3      | Killed from afar by Grinder

Levels and vault maps discovered:
D:1:      erik_arrival_triangle_medium, layout_basic
D:2:      wad_woods_stonehenge, layout_basic, led_sif_pool
D:3:      layout_rooms, lemuel_doored_altar, nicolae_qazlal_general_emergency,
          minmay_distorted, uniq_grinder

Skill      XL: |  1  2  3  4 |
---------------+-------------+-----
Conjurations   | 1 2 |  2.6
Fire Magic     | 3 |  3.9
Stealth        | 2 |  2.0
Dodging        | 2 |  2.0
Spellcasting   | 2 |  2.5
Shields        | 1 |  1.0

Action                   |  1- 3 |  4- 6 || total
-------------------------+-------+-------++-------
Melee: Club              |     8 |       ||     8
       Halberd           |    23 |     4 ||    27
       Dagger            |       |     5 ||     5
Throw: Stone             |    20 |    23 ||    43
       Javelin           |    15 |       ||    15
 Cast: Flame Tongue      |    61 |    62 ||   123
  Use: Scroll            |       |     4 ||     4
       Potion            |       |     1 ||     1
  Eat: Chunk             |     5 |     4 ||     9
Armor: Robe              |    16 |     6 ||    22
Dodge: Dodged            |    47 |    20 ||    67

Table legend:
 A = Non-vault XP
 B = Vault XP
 C = Vault XP percentage of total XP
 D = Non-vault monster count
 E = Vault monster count
 F = Vault count percentage of total count
                 A         B        C        D         E       F
            +---------+---------+-------+---------+---------+-------
      Total |     226 |      20 |   8.1 |      55 |       9 |  14.1
            +---------+---------+-------+---------+---------+-------
        D:1 |      33 |       0 |   0.0 |      22 |       0 |   0.0
        D:2 |      95 |      13 |  12.0 |      22 |       6 |  21.4
        D:3 |      98 |       7 |   6.7 |      11 |       3 |  21.4
            +---------+---------+-------+---------+---------+-------
